 Dungeon Crawl Stone Soup version 0.28-a0-631-g0446da8ef9 (webtiles) character file.

Game seed: 12062638563747616618

658138 Lurud the Slayer (level 27, -1/247 HPs)
             Began as a Demonspawn Delver on Aug 28, 2020.
             Was the Champion of Nemelex Xobeh.
             Killed from afar by Etaock the pandemonium lord (15 damage)
             ... with a bolt of lightning
             ... on level 4 of the Realm of Zot on Oct 10, 2021.
             The game lasted 04:21:47 (59135 turns).

Lurud the Slayer (Demonspawn Delver)               Turns: 59135, Time: 04:21:48

Health: -1/247     AC: 39    Str: 25    XL:     27
Magic:  39/39      EV: 18    Int: 14    God:    Nemelex Xobeh [******]
Gold:   10169      SH: 15    Dex: 16    Spells: 14/26 levels left

rFire   + + .      SeeInvis +   y - +9 double sword (vamp)
rCold   + + +      Faith    +   s - +1 kite shield of Compassion {Int+3 Slay+4}
rNeg    + + .      Spirit   .   C - +7 gold dragon scales
rPois   +          Reflect  .   (helmet unavailable)
rElec   .          Harm     .   t - scarf {repulsion}
rCorr   .          Rampage  .   O - +0 pair of gloves "Restutte" {rPois Regen+ Int-2 Slay+5}
Will    +++..      Rnd*Tele +   z - +1 pair of boots of the Sun {rC++}
Stlth   ..........              Y - amulet of Ru's Generosity {Faith rF+ Will+ Dex+2}
HPRegen 1.51/turn               b - ring of see invisible
MPRegen 0.26/turn               J - ring of Wap Ryisirok {Fly rPois rN++ Int+2 Stlth-}

@: mighty, agile, flying, hasted and slowed, studying 2 skills, repel missiles
A: horns 3, cold resistance 1, passive freeze, powered by death 3, powered by
pain 3, freezing cloud immunity, sharp scales 3, talons 1, clumsy 1,
teleportitis 1, evolution 1
0: Orb of Zot
}: 3/15 runes: decaying, serpentine, silver
a: Renounce Religion, Draw Escape, Draw Destruction, Draw Summoning, Draw Stack,
Triple Draw, Deal Four, Stack Five


You were on level 4 of the Realm of Zot.
You worshipped Nemelex Xobeh.
Nemelex Xobeh was exalted by your worship.
You visited 9 branches of the dungeon, and saw 49 of its levels.
You visited the Abyss 1 time.
You also visited: Ice Cave.

You collected 11623 gold pieces.
You spent 1454 gold pieces at shops.

Inventory:

Hand Weapons
 i - the +12 long sword of Optimality {pain, rC+ rN+ Will+ Dex-4}
   (You found it on level 6 of the Lair of Beasts)

   In the hands of one skilled in necromantic magic, it inflicts extra damage on
   living creatures.
   Dex:       It affects your dexterity (-4).
   rC:        It protects you from cold.
   rN:        It protects you from negative energy.
   Will:      It increases your willpower.
 y - a +9 vampiric double sword (weapon)
Missiles
 h - 12 atropa-tipped darts (quivered)
 N - 15 curare-tipped darts
Armour
 s - the +1 kite shield of Compassion (worn) {Int+3 Slay+4}
   (You found it on level 1 of the Elven Halls)

   Int:       It affects your intelligence (+3).
   Slay:      It affects your accuracy & damage with ranged weapons and melee
   (+4).
 t - a scarf of repulsion (worn)
 z - the +1 pair of boots of the Sun (worn) {rC++}
   (You found it on level 2 of the Vaults)

   rC:        It greatly protects you from cold.
 C - +7 gold dragon scales (worn)
 O - the +0 pair of gloves "Restutte" (worn) {rPois Regen+ Int-2 Slay+5}
   (You acquired it on level 2 of the Lair of Beasts)

   Int:       It affects your intelligence (-2).
   Slay:      It affects your accuracy & damage with ranged weapons and melee
   (+5).
   rPois:     It protects you from poison.
   Regen:     It increases your rate of health regeneration.
Jewellery
 b - a ring of see invisible (left hand)
 e - the ring of Cuso Yrius {rF+ Int+6 Dex+3}
   (You took it off a deep elf annihilator on level 3 of the Elven Halls)

   [ring of intelligence]

   Int:       It affects your intelligence (+6).
   Dex:       It affects your dexterity (+3).
   rF:        It protects you from fire.
 k - the ring of Exteum {rPois rCorr Dex+3}
   (You found it on level 3 of the Elven Halls)

   [ring of poison resistance]

   Dex:       It affects your dexterity (+3).
   rPois:     It protects you from poison.
   rCorr:     It protects you from acid and corrosion.
 v - the ring of Dogma {Fire *Slow rN+ Will+ Int+4}
   (You found it on level 2 of the Vaults)

   [ring of fire]

   It enhances your fire magic.
   Int:       It affects your intelligence (+4).
   rF:        It protects you from fire.
   rC:        It makes you vulnerable to cold.
   rN:        It protects you from negative energy.
   *Slow:     It may slow you when you take damage.
   Will:      It increases your willpower.
 J - the ring of Wap Ryisirok (right hand) {Fly rPois rN++ Int+2 Stlth-}
   (You found it on level 4 of the Swamp)

   [ring of poison resistance]

   Int:       It affects your intelligence (+2).
   rPois:     It protects you from poison.
   rN:        It greatly protects you from negative energy.
   Fly:       It grants you flight.
   Stlth:     It makes you less stealthy.
 Y - the amulet of Ru's Generosity (around neck) {Faith rF+ Will+ Dex+2}
   (You took it off a fire giant on level 3 of the Depths)

   [amulet of faith]

   It allows you to gain divine favour quickly.
   Dex:       It affects your dexterity (+2).
   rF:        It protects you from fire.
   Will:      It increases your willpower.
Wands
 l - a wand of charming (6)
 o - a wand of paralysis (44)
 w - a wand of iceblast (24)
 x - a wand of digging (26)
 K - a wand of mindburst (34)
 R - a wand of acid (32)
Scrolls
 c - 11 scrolls of fog
 d - 7 scrolls of magic mapping
 g - 22 scrolls of identify
 j - 2 scrolls of brand weapon
 A - 10 scrolls of immolation
 B - 6 scrolls of fear
 D - 26 scrolls of teleportation
 G - 2 scrolls of summoning
 H - a scroll of blinking
 U - a scroll of silence
Potions
 f - 2 potions of haste
 p - 3 potions of mutation
 q - 12 potions of flight
 u - 5 potions of berserk rage
 E - 8 potions of curing
 L - 2 potions of magic
 M - a potion of cancellation
 P - 4 potions of resistance
 Q - 5 potions of heal wounds
 S - a potion of ambrosia
 T - a potion of might
 V - 5 potions of brilliance
 X - 4 potions of invisibility
 Z - 10 potions of lignification
Miscellaneous
 a - a tin of tremorstones (2/2)
 m - a condenser vane
 r - a box of beasts
 I - a lightning rod (4/4)
 W - a phantom mirror


   Skills:
 + Level 26.6 Fighting
 - Level 14.4 Long Blades
 - Level 0.2 Maces & Flails
 - Level 5.0 Throwing
 + Level 22.5 Armour
 + Level 16.4 Dodging
 - Level 4.5 Stealth
 - Level 15.5 Shields
 - Level 2.3 Hexes
 - Level 13.3 Necromancy
 + Level 0.2 Air Magic
 * Level 24.6 Invocations
 - Level 14.4 Evocations


You had 14 spell levels left.
You knew the following spells:

 Your Spells              Type           Power      Damage    Failure   Level
a - Call Imp              Summ           0%         N/A       99%         2
b - Animate Skeleton      Necr           74%        N/A       1%          1
c - Animate Dead          Necr           18%        N/A       14%         4
d - Freezing Cloud        Conj/Ice/Air   0%         6-21      100%        5

Your spell library contained the following spells:

 Spells                   Type           Power      Damage    Failure   Level
 Pain                     Necr           100%       1d9       1%          1
 Sublimation of Blood     Necr           18%        N/A       2%          2
 Vampiric Draining        Necr           18%        2d8       4%          3
 Corpse Rot               Necr/Air       N/A        N/A       30%         2
 Agony                    Necr           37%        N/A       36%         5
 Corona                   Hex            6%         N/A       77%         1
 Slow                     Hex            6%         N/A       88%         2
 Apportation              Tloc           0%         N/A       97%         1
 Magic Dart               Conj           0%         1d3       97%         1
 Sandblast                Erth           0%         2d4       97%         1
 Sting                    Tmut/Pois      0%         1d3       97%         1
 Summon Small Mammal      Summ           0%         N/A       97%         1
 Ensorcelled Hibernation  Hex/Ice        6%         N/A       97%         2
 Confusing Touch          Hex            6%         N/A       98%         3
 Tukima's Dance           Hex            6%         N/A       98%         3
 Blink                    Tloc           N/A        N/A       99%         2
 Passwall                 Tmut/Erth      0%         N/A       99%         2
 Poisonous Vapours        Pois/Air       0%         N/A       99%         2
 Searing Ray              Conj           0%         2d4       99%         2
 Static Discharge         Conj/Air       0%         N/A       99%         2
 Dazzling Flash           Conj/Hex       6%         N/A       99%         3
 Inner Flame              Hex/Fire       3%         N/A       99%         3
 Summon Guardian Golem    Hex/Summ       3%         N/A       99%         3
 Borgnjor's Vile Clutch   Necr/Erth      9%         N/A       99%         5
 Call Canine Familiar     Summ           0%         N/A       100%        3
 Conjure Flame            Conj/Fire      0%         6-21      100%        3
 Gell's Gravitas          Tloc           0%         N/A       100%        3
 Ignite Poison            Fire/Tmut/Pois 0%         N/A       100%        3
 Lesser Beckoning         Tloc           0%         N/A       100%        3
 Mephitic Cloud           Conj/Pois/Air  0%         N/A       100%        3
 Stone Arrow              Conj/Erth      0%         3d7       100%        3
 Teleport Other           Tloc           0%         N/A       100%        3
 Animate Armour           Summ/Erth      0%         N/A       100%        4
 Cause Fear               Hex            3%         N/A       100%        4
 Fulminant Prism          Conj/Hex       1%         3d6       100%        4
 Ice Form                 Ice/Tmut       0%         N/A       100%        4
 Iskenderun's Mystic Bla  Conj/Tloc      0%         2d3       100%        4
 Leda's Liquefaction      Hex/Erth       1%         N/A       100%        4
 Olgreb's Toxic Radiance  Pois           0%         N/A       100%        4
 Passage of Golubria      Tloc           N/A        N/A       100%        4
 Petrify                  Tmut/Erth      0%         N/A       100%        4
 Sticky Flame             Conj/Fire      0%         2d3       100%        4
 Summon Ice Beast         Ice/Summ       0%         N/A       100%        4
 Summon Lightning Spire   Summ/Air       0%         N/A       100%        4
 Alistair's Intoxication  Tmut/Pois      0%         N/A       100%        5
 Bolt of Magma            Conj/Fire/Erth 0%         4d4       100%        5
 Fireball                 Conj/Fire      0%         3d3       100%        5
 Irradiate                Conj/Tmut      0%         3d14      100%        5
 Iskenderun's Battlesphe  Conj           0%         2d6       100%        5
 Lee's Rapid Deconstruct  Erth           0%         3d5*      100%        5
 Lightning Bolt           Conj/Air       0%         1d11      100%        5
 Metabolic Englaciation   Hex/Ice        1%         N/A       100%        5
 Silence                  Hex/Air        1%         N/A       100%        5
 Summon Forest            Summ/Tloc      0%         N/A       100%        5
 Summon Mana Viper        Hex/Summ       3%         N/A       100%        5
 Yara's Violent Unravell  Hex/Tmut       1%         3d3       100%        5
 Conjure Ball Lightning   Conj/Air       0%         3x3d6     100%        6
 Dispersal                Tloc           0%         N/A       100%        6
 Eringya's Noxious Bog    Tmut/Pois      0%         N/A       100%        6
 Invisibility             Hex            3%         N/A       100%        6
 Iron Shot                Conj/Erth      0%         9d1       100%        6
 Shadow Creatures         Summ           N/A        N/A       100%        6
 Simulacrum               Ice/Necr       9%         N/A       100%        6
 Statue Form              Tmut/Erth      0%         N/A       100%        6
 Malign Gateway           Summ/Tloc      0%         N/A       100%        7
 Orb of Destruction       Conj           0%         N/A       100%        7
 Ozocubu's Refrigeration  Ice            0%         4d5       100%        7
 Spellforged Servitor     Conj/Summ      0%         N/A       100%        7
 Storm Form               Tmut/Air       0%         N/A       100%        7
 Summon Hydra             Summ           0%         N/A       100%        7
 Borgnjor's Revivificati  Necr           18%        N/A       100%        8
 Discord                  Hex            3%         N/A       100%        8
 Disjunction              Tloc           0%         N/A       100%        8
 Ignition                 Fire           0%         3d3       100%        8
 Infestation              Necr           18%        N/A       100%        8
 Lehudib's Crystal Spear  Conj/Erth      0%         10d2      100%        8
 Necromutation            Tmut/Necr      9%         N/A       100%        8
 Chain Lightning          Conj/Air       0%         N/A       100%        9
 Death's Door             Necr           18%        N/A       100%        9
 Shatter                  Erth           0%         3d5*      100%        9


Dungeon Overview and Level Annotations

Branches:
Dungeon (15/15)            Temple (0/1) D:5            Lair (6/6) D:8
  Swamp (4/4) Lair:2        Snake (4/4) Lair:4          Orc (2/2) D:10
    Elf (3/3) Orc:2        Vaults (5/5) D:14          Crypt (0/3) Vaults:2
 Depths (5/5) D:15            Zot (5/5) Depths:5      IceCv (visited)
  Slime: Lair:5-6

Altars:
Elyvilon
Fedhas
Gozag
Kikubaaqudgha
Makhleb
Nemelex Xobeh
Okawaru
Trog
Vehumet
Wu Jian
Xom
Yredelemnul
Zin
The Shining One

Shops:
D:10 ?*   Orc:2 :([*   Elf:1 !   Elf:2 (   Elf:3 *   Snake:2 =x=   Snake:4 [
Vaults:3 (   Depths:1 !(*(=!(   Depths:2 ([

Portals:
Hell: Depths:1 Depths:2 Depths:3 Depths:4 Depths:5
Abyss: Depths:3 Depths:4
Pandemonium: Depths:2 Depths:3
Ziggurat: Depths:2


Innate Abilities, Weirdness & Mutations

You have a pair of large horns on your head.
Your flesh is cold resistant. (rC+)
A frigid envelope surrounds you and freezes all who hurt you.
You regenerate a lot of health from kills.
You are powered by pain.
You are immune to freezing clouds.
You are completely covered in razor-sharp scales. (AC +3, Slay +3)
You have sharp toenails.
You are clumsy. (Dex -2)
You are occasionally teleported next to monsters.
You have hidden genetic potential.


Message History

Lightning arcs from Etaock's claws!
The bolt of lightning hits the Orb Guardian!!!
The Orb Guardian dies!
A bolt of lightning appears from out of thin air!
The bolt of lightning hits the Orb Guardian!!!!
The Orb Guardian dies!
The bolt of lightning hits the ancient lich!!
The ancient lich resists.
The ancient lich is destroyed!
The bolt of lightning hits you!!
* * * LOW HITPOINT WARNING * * *
The bolt of lightning hits Etaock!
The bolt of lightning hits the orange demon!!!!
The orange demon dies!
The bolt of lightning hits the green draconian!!!
The green draconian dies!
The bolt of lightning hits the storm dragon!!!
The storm dragon resists.
The storm dragon dies!
The bolt of lightning hits the Orb Guardian!!!
You fly upwards.
There is a stone staircase leading down here.
You feel yourself speed up. You block Etaock's attack.
Etaock hits you but does no damage.
Etaock is very cold.
Etaock is moderately wounded.
Etaock gestures.
Lightning arcs from Etaock's claws!
The bolt of lightning hits you!!!
* * * LOW HITPOINT WARNING * * *
You focus on the pain.
You feel very mighty all of a sudden.
A bolt of lightning appears from out of thin air!
The bolt of lightning hits Etaock!
Blink to where?
Press: ? - help, Dir - move target
As you read the scroll of blinking, it crumbles to dust.
The sentinel's mark upon you fades away.
Etaock gestures at you. The bolt of lightning hits you!
You die...
Your body disappears without a glow.

....#....#..#....##.# #........#
#...#.##.#.)#.#####.# ###.##.###
....#....#.)))......#####.#..####
#...#....##...............#......
.....(.....##.#####.....#.#..##.#
....#..#.####.#####.###.#.#..##.#
....#.............#.# #.#.#...#.#
....#....####.##....###.#.##..#.#
...[#....# #.#.@|##..........#.#
....#....####.#.&###.##.#.....#.#
....#.........#...........#####.#
.^..##.#..#####>####.####.# #.#
.......#................#.# #.#
.....####.###)#######.#.#[#####.#
.....# #.# #.# #.#.#.......#
#....# #.# #.# #.#.#########
.....# #.# #.# #.#.#


You could see Etaock.

Vanquished Creatures
  3 dread liches
  3 ancient liches
  Saint Roka (Vaults:4)
  A caustic shrike (Depths:2)
  3 orbs of fire
  11 golden dragons
  Nikola (Swamp:4)
  The ghost of Flugslaktarn the Slayer, an adept OgBe of Trog (Swamp:4)
  Jory (Vaults:5)
  The ghost of Ituhak the Unseen, an adept GnDe of Zin (Vaults:2)
  2 Killer Klowns
  13 tentacled monstrosities
  4 hellephants (Depths:5)
  The ghost of Nett the Ninja, a veteran SpBr of Wu Jian (Vaults:2)
  3 curse toes
  A deep elf blademaster (Elf:3)
  7 titans
  5 quicksilver dragons
  4 liches
  A deep elf master archer (Elf:3)
  An Executioner (Abyss:3)
  16 shadow dragons
  7 sphinxes
  2 thorn hunters
  Agnes (Snake:1)
  3 tentacled starspawn (Abyss:3)
  13 fire giants
  10 nagarajas
  7 deep elf sorcerers (Elf:3)
  4 tengu reavers
  Aizul (Swamp:4)
  5 frost giants
  3 draconian shifters
  17 Orb Guardians (Zot:5)
  12 vault wardens
  3 iron dragons
  23 ironbound preservers
  2 ghost moths
  4 deep elf elementalists (Elf:3)
  2 orc warlords (Vaults:4)
  An emperor scorpion (Elf:1)
  A ghoul (Vaults:2)
  A reaper (Depths:3)
  33 very ugly things
  5 spriggan defenders
  6 death cobs
  A war gargoyle (Vaults:5)
  An entropy weaver (Swamp:4)
  22 stone giants
  12 storm dragons
  6 deep elf demonologists
  3 draconian monks
  5 vampire knights
  3 draconian knights
  A minotaur (Snake:4)
  6 deep elf annihilators
  8 purple draconians
  2 dire elephants
  13 black draconians
  7 yellow draconians
  4 draconian scorchers (Zot:4)
  13 spark wasps
  3 draconian stormcallers
  A merfolk javelineer (Depths:3)
  A merfolk impaler (Depths:3)
  7 deep elf death magi
  2 draconian annihilators
  4 green draconians
  20 ettins
  17 yaktaur captains
  14 fire dragons
  2 removed monstrous demonspawn (Depths:3)
  5 white draconians
  17 ice dragons
  38 vault guards
  23 hydras
  5 ironbound thunderhulks
  9 naga warriors
  4 deep elf high priests
  A hydra (shapeshifter) (Vaults:4)
  9 rakshasas
  6 red draconians
  8 great orbs of eyes
  11 ironbound frosthearts
  A catoblepas (Snake:2)
  A ghost crab (Swamp:4)
  An anaconda (shapeshifter) (Vaults:5)
  17 alligators
  6 two-headed ogres
  3 shambling mangroves
  15 anacondas
  Erica (D:11)
  3 ogre magi
  7 centaur warriors
  2 spriggan air magi
  4 death yaks (Lair:3)
  16 tengu warriors
  A death knight (Vaults:2)
  18 deep troll shamans
  A vampire mage (Depths:3)
  An orc high priest (Orc:2)
  Urug (Lair:5)
  2 thrashing horrors (Abyss:3)
  24 dancing weapons
  A shock serpent (shapeshifter) (Vaults:5)
  18 deep troll earth magi
  7 hell hogs (Depths:5)
  4 shock serpents
  3 removed ironbound beastmasters
  6 naga sharpshooters
  A spriggan berserker (Depths:2)
  A soul eater (Depths:3)
  22 hell knights
  A fire crab (shapeshifter) (Depths:3)
  2 wretched stars (Abyss:3)
  15 deep elf knights
  A sixfirhy (Depths:3)
  A death drake (shapeshifter) (Vaults:5)
  2 salamander mystics
  16 sea snakes
  3 starcursed masses (Abyss:3)
  6 naga ritualists
  6 iron trolls
  2 unseen horrors
  A deep troll (shapeshifter) (Vaults:5)
  95 deep trolls
  11 glowing orange brains
  A glowing orange brain (shapeshifter) (Vaults:5)
  A removed infernal demonspawn (Depths:3)
  4 lindwurms
  2 flayed ghosts
  13 deep elf archers
  A spriggan druid (Swamp:4)
  A tengu zombie (Depths:1)
  12 wizards
  7 phantasmal warriors
  9 swamp dragons
  12 necromancers
  A harpy (Vaults:1)
  15 ironbound convokers
  9 orc knights
  A sphinx zombie (Depths:4)
  27 deep elf zephyrmancers
  3 wolf spiders
  An iron dragon zombie (Depths:4)
  8 salamanders
  3 orc sorcerers
  10 mana vipers
  2 manticores
  A shining eye (shapeshifter) (Depths:3)
  A wolf spider zombie (D:13)
  34 deep elf pyromancers
  56 ugly things
  19 moths of wrath
  12 cyclopes
  A fire giant zombie (Depths:1)
  A shining eye (Depths:2)
  21 vault sentinels
  43 black mambas
  25 naga magi
  3 ice statues (IceCv)
  Joseph (D:9)
  A fire giant skeleton (Depths:1)
  17 guardian serpents
  4 smoke demons
  An elf skeleton (Depths:4)
  3 molten gargoyles (Lair:6)
  3 gargoyles
  13 cane toads
  3 kobold demonologists
  2 rime drakes
  2 orange demons
  3 efreet
  A komodo dragon (shapeshifter) (D:15)
  2 unseen horrors (shapeshifter)
  A freezing wraith (Vaults:5)
  49 yaktaurs
  4 ice devils
  10 komodo dragons
  A redback zombie (D:14)
  A red devil (Depths:3)
  6 trolls
  7 tengu conjurers
  A troll (shapeshifter) (Depths:2)
  A wind drake (Orc:1)
  3 meliai (D:15)
  2 large abominations (Abyss:3)
  9 hornets
  A dream sheep (Vaults:3)
  13 tyrant leeches
  4 raiju (Abyss:3)
  3 removed hippogriffs
  An ice dragon zombie (Depths:1)
  18 slime creatures
  4 bog bodies
  An air elemental (Elf:3)
  2 meliai zombies
  2 centaur simulacra
  2 spriggans
  Sigmund (D:2)
  3 shadows
  A ynoxinul (Abyss:3)
  11 wyverns
  14 water elementals
  4 wraiths
  7 basilisks
  17 yaks
  A human (D:14)
  3 fire elementals
  A yak (shapeshifter) (Depths:3)
  2 steam dragons (Lair:6)
  A hog (Swamp:4)
  A golden eye (Snake:2)
  13 vampire mosquitoes
  2 neqoxecs (Abyss:3)
  40 nagas
  A warg (Orc:1)
  11 insubstantial wisps
  A human zombie (Depths:1)
  16 swamp worms
  2 acid dragons
  8 hell hounds
  3 removed porcupines (Lair:2)
  14 water moccasins
  2 floating eyes
  24 orc warriors
  14 swamp drakes
  3 black bears
  8 ice beasts
  5 sky beasts
  2 removed eyes of draining
  3 necrophages
  A hornet zombie (D:7)
  13 ogres
  3 wolves (Lair:1)
  2 phantoms
  A boggart (Snake:4)
  10 centaurs
  4 ghosts
  10 removed crocodiles
  2 kobold brigands
  22 bullfrogs
  2 earth elementals
  A wyvern skeleton (D:7)
  12 killer bees
  5 scorpions
  11 wights
  6 electric eels
  6 howler monkeys
  5 lava snakes (Lair:6)
  A centaur zombie (D:8)
  2 bullfrog zombies
  4 hounds
  3 jellies
  7 centaur skeletons
  24 orc wizards
  4 bullfrog skeletons
  22 orc priests
  Jessica (D:2)
  Natasha (D:2)
  5 iguanas
  7 hell rats (Lair:4)
  11 removed worker ants
  2 hound skeletons
  A removed worker ant zombie (D:6)
  4 gnolls (D:8)
  A howler monkey skeleton (D:6)
  19 adders
  2 shadow imps
  A white imp (D:9)
  3 ufetubi
  An endoplasm (D:4)
  An adder zombie (D:5)
  2 adder skeletons
  5 worms
  3 dart slugs
  83 orcs
  7 removed leopard geckos
  4 ball pythons
  11 bats
  7 giant cockroaches
  2 gnoll zombies (D:7)
  7 goblins
  7 hobgoblins
  10 quokkas
  8 frilled lizards
  A jackal skeleton (D:5)
  17 kobolds
  A quokka zombie (D:6)
  7 rats
  A removed leopard gecko skeleton (D:9)
  2 removed leopard gecko zombies (D:6)
  2 starspawn tentacles (Abyss:3)
2145 creatures vanquished.

Vanquished Creatures (collateral kills)
  A juggernaut (Depths:3)
  An ancient lich (Zot:5)
  An orb of fire (Zot:5)
  A dread lich (Zot:5)
  A golden dragon (Depths:1)
  2 liches
  A titan (Depths:3)
  A tengu reaver (Depths:2)
  A sphinx (Vaults:5)
  2 storm dragons
  An electric golem (Zot:5)
  A tentacled monstrosity (Zot:5)
  4 Orb Guardians (Zot:5)
  2 frost giants
  A fire giant (Depths:3)
  3 vault wardens
  An ironbound preserver (Vaults:1)
  A death cob (Zot:3)
  A deep elf annihilator (Elf:3)
  A ghost moth (Zot:5)
  2 purple draconians
  A black draconian (Depths:5)
  An ice dragon (D:12)
  3 vault guards
  A yaktaur captain (Vaults:5)
  A death yak (Lair:3)
  An orc high priest (Orc:2)
  A removed ironbound beastmaster (Vaults:2)
  A death drake (Swamp:4)
  4 deep trolls
  A wizard (Vaults:1)
  2 orc sorcerers
  3 cyclopes (Orc:2)
  A moth of wrath (Zot:3)
  2 guardian serpents
  3 elephants (Lair:1)
  Maggie (Lair:2)
  4 yaktaurs
  3 raiju (Abyss:3)
  A wyvern (Lair:2)
  4 nagas
  A water moccasin (Lair:3)
  A large abomination (Abyss:3)
  A removed eye of draining (D:12)
  2 orc warriors (Orc:2)
  An ogre (Orc:2)
  A removed crocodile (Lair:2)
  A removed crocodile (shapeshifter) (D:12)
  A centaur (D:12)
  A scorpion (D:12)
  An orc wizard (Orc:2)
  An iguana (Lair:2)
  9 orcs (Orc:2)
  2 ball lightnings (Zot:3)
92 creatures vanquished.

Vanquished Creatures (others)
  An ancient lich (Zot:5)
  A Killer Klown (Zot:3)
  A lich (Depths:4)
  2 Orb Guardians (Zot:5)
  A death cob (Zot:5)
  A storm dragon (Zot:5)
  2 draconian knights
  A cacodemon (Zot:5)
  A draconian annihilator (Zot:3)
  A draconian stormcaller (Zot:5)
  2 green draconians
  A red draconian (Zot:3)
  A yellow draconian (Zot:5)
  A boulder beetle (Vaults:1)
  A hydra (Swamp:4)
  A large abomination (Zot:5)
  A necromancer (Depths:1)
  An ironbound convoker (Vaults:1)
  3 moths of wrath (Zot:3)
  A rust devil (Zot:5)
  An orange demon (Zot:5)
  A tormentor (Zot:5)
  A water moccasin (Lair:6)
  A hell hound (Lair:6)
  A swamp drake (Swamp:4)
  A boggart (Snake:2)
  An orc (Vaults:4)
  5 ball lightnings (Zot:3)
  48 fungi
  140 plants
  4 starspawn tentacles (Abyss:3)
229 creatures vanquished.

Grand Total: 2466 creatures vanquished

Notes
Turn   | Place    | Note
-------+----------+-------------------------------------------
     0 | D:5      | Lurud the Demonspawn Delver began the quest for the Orb.
     0 | D:5      | Reached XP level 1. HP: 18/18 MP: 1/1
    56 | D:5      | Noticed a bullfrog
   177 | D:4      | Noticed a howler monkey
   189 | D:4      | Killed a howler monkey
   189 | D:4      | Reached skill level 1 in Armour
   189 | D:4      | Gained mutation: You have a pair of small horns on your
                  | head. [demonic ancestry]
   189 | D:4      | Reached XP level 2. HP: 11/24 MP: 2/2
   189 | D:4      | Reached XP level 3. HP: 13/29 MP: 3/3
   207 | D:4      | Noticed an ogre
   228 | D:4      | Noticed a scorpion
   250 | D:4      | Killed a scorpion
   250 | D:4      | Gained mutation: You regenerate a little health from kills.
                  | [demonic ancestry]
   250 | D:4      | Reached XP level 4. HP: 9/35 MP: 4/4
  1170 | D:1      | Reached XP level 5. HP: 41/41 MP: 5/5
  1572 | D:2      | Noticed Jessica
  1905 | D:2      | Noticed Sigmund
  1921 | D:2      | Killed Sigmund
  1921 | D:2      | Gained mutation: You are partially covered in razor-sharp
                  | scales. (AC +1, Slay +1) [demonic ancestry]
  1921 | D:2      | Reached XP level 6. HP: 12/47 MP: 6/6
  2273 | D:2      | Killed Jessica
  2273 | D:2      | Reached skill level 5 in Long Blades
  2380 | D:2      | Noticed Natasha
  2386 | D:2      | Killed Natasha
  2865 | D:3      | Found a faded altar of an unknown god.
  3258 | D:3      | Found a shimmering altar of Xom.
  3508 | D:3      | Learned a level 2 spell: Call Imp
  3527 | D:3      | Reached XP level 7. HP: 26/52 MP: 7/7
  4004 | D:3      | Found a glowing golden altar of the Shining One.
  4282 | D:4      | Identified the +5 falchion "Cimuemas" {protect, rPois Str-4
                  | Dex+4}
  4290 | D:4      | Paralysed by an orc for 3 turns
  4308 | D:4      | HP: 2/52 [orc/the +5 falchion "Cimuemas" {protect, rPois
                  | Str-4 Dex+4} (3)]
  4313 | D:4      | Paralysed by an orc for 4 turns
  4962 | D:4      | Found an opulent altar of Gozag.
  4963 | D:4      | Found a sparkling altar of Nemelex Xobeh.
  4973 | D:4      | Became a worshipper of Nemelex Xobeh the Trickster
  5028 | D:4      | Received a gift from Nemelex Xobeh
  5122 | D:5      | Found a white marble altar of Elyvilon.
  5179 | D:5      | Gained mutation: You regenerate health from kills. [demonic
                  | ancestry]
  5179 | D:5      | Reached XP level 8. HP: 58/58 MP: 8/8
  5214 | D:5      | Reached skill level 1 in Invocations
  5256 | D:5      | Found a glowing silver altar of Zin.
  5259 | D:5      | Got an ancient dire flail
  5260 | D:5      | Identified the +5 dire flail of Wiarhafo {freeze, *Contam
                  | MR++ Dex+5} (You found it on level 5 of the Dungeon)
  5262 | D:5      | Found a bloodstained altar of Trog.
  5428 | D:5      | Found a burning altar of Makhleb.
  5495 | D:5      | Found a blossoming altar of Fedhas.
  5654 | D:5      | Found a staircase to the Ecumenical Temple.
  5782 | D:6      | Got a shimmering halberd
  5783 | D:6      | Identified the +2 halberd of the Equator {protect, rF+ rC++
                  | MR+ Dex+4} (You found it on level 6 of the Dungeon)
  5933 | D:6      | Reached * piety under Nemelex Xobeh
  5995 | D:6      | Reached skill level 5 in Invocations
  6638 | D:7      | Learned a level 1 spell: Animate Skeleton
  6648 | D:7      | Reached XP level 9. HP: 59/63 MP: 13/13
  6684 | D:7      | Received a gift from Nemelex Xobeh
  7353 | D:7      | Reached ** piety under Nemelex Xobeh
  7482 | D:7      | Found a basalt altar of Yredelemnul.
  7688 | D:8      | Reached skill level 1 in Throwing
  7916 | D:8      | Reached skill level 10 in Long Blades
  8356 | D:8      | Noticed a two-headed ogre
  8375 | D:8      | Killed a two-headed ogre
  8375 | D:8      | Gained mutation: You sometimes gain a little power by
                  | taking damage. [demonic ancestry]
  8375 | D:8      | Reached XP level 10. HP: 70/70 MP: 15/15
  8529 | D:8      | Found a staircase to the Lair.
  8533 | Lair:1   | Entered Level 1 of the Lair of Beasts
  8533 | Lair:1   | Noticed an elephant
  8533 | Lair:1   | Noticed an elephant
  8533 | Lair:1   | Noticed an elephant
  8539 | Lair:1   | Killed an elephant
  8545 | Lair:1   | Killed an elephant
  8548 | Lair:1   | Killed an elephant
  9026 | Lair:1   | Received a gift from Nemelex Xobeh
  9060 | Lair:1   | Noticed a four-headed hydra
  9069 | Lair:1   | Killed a four-headed hydra
  9373 | Lair:1   | Reached *** piety under Nemelex Xobeh
  9606 | Lair:2   | Identified a scroll of acquirement
  9607 | Lair:2   | Acquired the +0 pair of gloves "Restutte" {rPois Regen+
                  | Int-2 Slay+5}
  9823 | Lair:2   | Noticed Maggie
  9832 | Lair:2   | Killed Maggie
  9854 | Lair:2   | Reached XP level 11. HP: 63/75 MP: 16/16
  9861 | Lair:2   | Found a staircase to the Swamp.
  9918 | Lair:2   | Reached skill level 5 in Throwing
 10137 | Lair:2   | Received a gift from Nemelex Xobeh
 10824 | Lair:3   | Noticed a death yak
 10851 | Lair:3   | Killed a death yak
 10931 | Lair:3   | Noticed a death yak
 10931 | Lair:3   | Noticed a death yak
 10932 | Lair:3   | Noticed a death yak
 10940 | Lair:3   | Noticed a death yak
 10943 | Lair:3   | Killed a death yak
 10967 | Lair:3   | Killed a death yak
 10971 | Lair:3   | Killed a death yak
 10971 | Lair:3   | Reached skill level 1 in Necromancy
 10971 | Lair:3   | Killed a death yak
 11008 | Lair:3   | Reached **** piety under Nemelex Xobeh
 11038 | Lair:3   | Received a gift from Nemelex Xobeh
 11162 | Lair:3   | Reached skill level 5 in Armour
 11190 | Lair:3   | Received a gift from Nemelex Xobeh
 11584 | Lair:4   | Reached skill level 4 in Fighting
 11887 | Lair:4   | Reached XP level 12. HP: 32/84 MP: 18/18
 12178 | Lair:4   | Noticed a seven-headed hydra
 12199 | Lair:4   | Killed a five-headed hydra
 12204 | Lair:4   | Reached skill level 5 in Fighting
 12359 | Lair:4   | Reached ***** piety under Nemelex Xobeh
 12467 | Lair:4   | Found a staircase to the Snake Pit.
 12863 | Lair:5   | Received a gift from Nemelex Xobeh
 12940 | Lair:5   | Noticed Urug
 12941 | Lair:5   | Identified the +0 long sword of the Original Sin {protect,
                  | Int+4}
 12947 | Lair:5   | Killed Urug
 13038 | Lair:5   | Received a gift from Nemelex Xobeh
 13143 | Lair:5   | Received a gift from Nemelex Xobeh
 13567 | Lair:6   | Entered Level 6 of the Lair of Beasts
 13621 | Lair:6   | Got a bloodstained long sword
 13622 | Lair:6   | Identified the +12 long sword of Optimality {pain, rC+ rN+
                  | MR+ Dex-4} (You found it on level 6 of the Lair of Beasts)
 13629 | Lair:6   | Received a gift from Nemelex Xobeh
 13650 | Lair:6   | Reached skill level 6 in Fighting
 13703 | Lair:6   | Noticed a five-headed hydra
 13715 | Lair:6   | Killed a one-headed hydra
 13781 | Lair:6   | Reached skill level 7 in Fighting
 13834 | Lair:6   | Noticed a fire dragon
 13835 | Lair:6   | Found a large runed translucent door.
 13836 | Lair:6   | Found a large runed translucent door.
 13843 | Lair:6   | Reached skill level 10 in Invocations
 14312 | Lair:6   | Killed a fire dragon
 14665 | D:9      | Found an ornate altar of the Wu Jian Council.
 14793 | D:9      | Gained mutation: You are mostly covered in razor-sharp
                  | scales. (AC +2, Slay +2) [demonic ancestry]
 14793 | D:9      | Reached XP level 13. HP: 96/96 MP: 20/20
 14829 | D:9      | Received a gift from Nemelex Xobeh
 14905 | D:9      | Found an iron altar of Okawaru.
 14979 | D:9      | Noticed Joseph
 14984 | D:9      | Killed Joseph
 15109 | D:10     | Entered Level 10 of the Dungeon
 15166 | D:10     | Received a gift from Nemelex Xobeh
 15181 | D:10     | Found Vuetem's Elemental Accessories.
 15304 | D:10     | Found a staircase to the Orcish Mines.
 15451 | D:10     | Found Anyira Ylebe's Magic Scroll Shop.
 15457 | D:10     | Bought 3 scrolls of identify for 66 gold pieces
 15457 | D:10     | Bought 2 scrolls of fog for 44 gold pieces
 15457 | D:10     | Bought a scroll of teleportation for 33 gold pieces
 15457 | D:10     | Bought 2 scrolls of identify for 44 gold pieces
 15457 | D:10     | Bought a scroll of identify for 22 gold pieces
 15499 | D:10     | Reached ****** piety under Nemelex Xobeh
 15678 | D:10     | Received a gift from Nemelex Xobeh
 15956 | Orc:1    | Entered Level 1 of the Orcish Mines
 15984 | Orc:1    | Reached skill level 5 in Necromancy
 16107 | Orc:1    | Received a gift from Nemelex Xobeh
 16504 | Orc:2    | Entered Level 2 of the Orcish Mines
 16512 | Orc:2    | Noticed a stone giant
 16518 | Orc:2    | Killed a stone giant
 16659 | Orc:2    | Noticed an ettin
 16661 | Orc:2    | an ettin changed into a tyrant leech
 16682 | Orc:2    | Found Ylaeji's Antique Weapon Shoppe.
 16685 | Orc:2    | Received a gift from Nemelex Xobeh
 16693 | Orc:2    | Found a staircase to the Elven Halls.
 16727 | Orc:2    | Noticed an ettin
 16728 | Orc:2    | Found Plog's Book Emporium.
 16730 | Orc:2    | Killed an ettin
 16730 | Orc:2    | Reached skill level 8 in Fighting
 16883 | Orc:2    | Noticed an ettin
 16888 | Orc:2    | Killed an ettin
 17047 | Orc:2    | Found Wikabaxed's General Store.
 17055 | Orc:2    | Bought a scroll of teleportation for 42 gold pieces
 17055 | Orc:2    | Bought a potion of heal wounds for 70 gold pieces
 17081 | Orc:2    | Found Ustell's Antique Armour Boutique.
 17610 | D:11     | Received a gift from Nemelex Xobeh
 17774 | D:11     | Found a runed translucent door.
 17799 | D:11     | Reached skill level 10 in Armour
 17861 | D:11     | Reached skill level 9 in Fighting
 17926 | D:11     | Received a gift from Nemelex Xobeh
 18231 | D:11     | Noticed Erica
 18232 | D:11     | Killed Erica
 18414 | D:11     | Reached XP level 14. HP: 54/108 MP: 22/22
 18425 | D:11     | Got an ichor-stained triple sword
 18467 | D:11     | Identified the cursed +0 triple sword "Weats" {flame, rElec
                  | Str+6} (You found it on level 11 of the Dungeon)
 18579 | D:12     | Received a gift from Nemelex Xobeh
 18883 | D:12     | Noticed a tengu reaver
 18939 | D:12     | Killed a tengu reaver
 18939 | D:12     | Reached skill level 10 in Fighting
 18968 | D:12     | Identified Vuotz's Papyrus of Cloudy Transmigration
 19289 | Snake:1  | Entered Level 1 of the Snake Pit
 19300 | Snake:1  | Reached skill level 1 in Evocations
 19470 | Snake:1  | Received a gift from Nemelex Xobeh
 19690 | Snake:1  | Noticed Agnes
 19693 | Snake:1  | Killed Agnes
 19766 | Snake:1  | Identified the Collected Works on the Volcanoes and
                  | Envenoming
 20019 | Snake:1  | Reached skill level 11 in Fighting
 20114 | Snake:1  | Received a gift from Nemelex Xobeh
 20550 | Snake:1  | Received a gift from Nemelex Xobeh
 20800 | Snake:2  | Found Fuottus's Jewellery Boutique.
 20800 | Snake:2  | Found Qikhuwey's Gadget Shoppe.
 20801 | Snake:2  | Found Foted's Jewellery Boutique.
 20802 | Snake:2  | Noticed a nagaraja
 20804 | Snake:2  | a nagaraja changed into a catoblepas
 20921 | Snake:2  | Gained mutation: You have a pair of horns on your head.
                  | [demonic ancestry]
 20921 | Snake:2  | Reached XP level 15. HP: 119/119 MP: 24/24
 20927 | Snake:2  | Reached skill level 5 in Dodging
 21003 | Snake:2  | Got a pitted tin ring
 21004 | Snake:2  | Identified the ring "Barphuino" {rC- Str+3 SInv Stlth+}
                  | (You found it on level 2 of the Snake Pit)
 21677 | Snake:3  | Noticed a nagaraja
 21681 | Snake:3  | Killed a nagaraja
 22053 | Snake:3  | Reached skill level 12 in Fighting
 22152 | Snake:3  | Received a gift from Nemelex Xobeh
 22457 | Snake:3  | Reached skill level 5 in Evocations
 23072 | Swamp:1  | Entered Level 1 of the Swamp
 23256 | Swamp:1  | Received a gift from Nemelex Xobeh
 23639 | Swamp:1  | Received a gift from Nemelex Xobeh
 24117 | Swamp:2  | Found a radiant altar of Vehumet.
 24396 | Swamp:2  | Received a gift from Nemelex Xobeh
 24868 | Swamp:3  | Learned a level 4 spell: Animate Dead
 24948 | Swamp:3  | Gained mutation: You have a pair of large horns on your
                  | head. [demonic ancestry]
 24948 | Swamp:3  | Reached XP level 16. HP: 121/129 MP: 26/26
 25056 | Swamp:3  | Received a gift from Nemelex Xobeh
 25576 | Swamp:3  | Noticed a thorn hunter
 25586 | Swamp:3  | Killed a thorn hunter
 25791 | Swamp:4  | Entered Level 4 of the Swamp
 25791 | Swamp:4  | Received a gift from Nemelex Xobeh
 25811 | Swamp:4  | Noticed Nikola
 25820 | Swamp:4  | Killed Nikola
 25820 | Swamp:4  | Reached skill level 13 in Fighting
 26052 | Swamp:4  | Noticed Aizul
 26059 | Swamp:4  | Killed a thorn hunter
 26059 | Swamp:4  | Killed Aizul
 26286 | Swamp:4  | Noticed Flugslaktarn's ghost (adept OgBe)
 26475 | Swamp:4  | Found a transporter.
 26509 | Swamp:4  | Reached skill level 15 in Invocations
 26571 | Swamp:4  | Found a transporter.
 26719 | Swamp:4  | Received a gift from Nemelex Xobeh
 26895 | Swamp:4  | Got a decaying rune of Zot
 27014 | Swamp:4  | Killed Flugslaktarn's ghost
 27068 | Swamp:4  | Got a shimmering granite ring
 27069 | Swamp:4  | Identified the ring of Wap Ryisirok {+Fly rPois rN++ Int+2
                  | Stlth-} (You found it on level 4 of the Swamp)
 27261 | Snake:4  | Entered Level 4 of the Snake Pit
 27331 | Snake:4  | Gained mutation: You are completely covered in razor-sharp
                  | scales. (AC +3, Slay +3) [demonic ancestry]
 27331 | Snake:4  | Reached XP level 17. HP: 131/136 MP: 28/28
 27345 | Snake:4  | Reached skill level 14 in Fighting
 27384 | Snake:4  | Identified the +2 trident "Tyah" {vorpal, rC+ MR+ MP-9
                  | Dex+3}
 27438 | Snake:4  | Reached skill level 15 in Armour
 27608 | Snake:4  | Received a gift from Nemelex Xobeh
 27878 | Snake:4  | Found Zostrey's Armour Emporium.
 28010 | Snake:4  | Received a gift from Nemelex Xobeh
 28518 | Snake:4  | Upgraded the game from 0.26-a0-597-gb535b0901c to
                  | 0.27-a0-631-g2d681adce0
 28663 | Snake:4  | Got a serpentine rune of Zot
 29009 | Snake:4  | Received a gift from Nemelex Xobeh
 29869 | D:13     | Received a gift from Nemelex Xobeh
 30193 | D:13     | Received a gift from Nemelex Xobeh
 30286 | D:13     | Reached skill level 15 in Fighting
 30337 | D:13     | Found a shimmering altar of Xom.
 30415 | D:14     | Received a gift from Nemelex Xobeh
 30441 | D:14     | Identified the +9 flail "Qocehi" {protect, rPois Str+5
                  | Int-5}
 30519 | D:14     | Found a frozen archway.
 30530 | D:14     | Gained mutation: You sometimes gain power by taking damage.
                  | [demonic ancestry]
 30530 | D:14     | Reached XP level 18. HP: 135/149 MP: 29/29
 30562 | IceCv    | Entered an ice cave
 30699 | IceCv    | Identified the +1 ice dragon scales "Livug" {rF- rC++ rN+}
 30716 | IceCv    | Identified Thaumaturgy, Part Five
 31125 | D:14     | Reached skill level 1 in Shields
 31143 | D:14     | Received a gift from Nemelex Xobeh
 31259 | D:14     | Found a gate to the Vaults.
 31719 | Vaults:1 | Entered Level 1 of the Vaults
 31812 | D:14     | Reached skill level 5 in Shields
 32009 | Vaults:1 | Identified the +0 long sword of Exoneration {freeze, Int+3}
 32059 | Vaults:1 | Upgraded the game from 0.27-a0-631-g2d681adce0 to
                  | 0.27-a0-637-g3a9f0a9c12
 32181 | Vaults:1 | Received a gift from Nemelex Xobeh
 32450 | Vaults:1 | Reached skill level 10 in Shields
 32885 | Vaults:2 | Received a gift from Nemelex Xobeh
 33042 | Vaults:2 | Noticed a dread lich
 33171 | Vaults:2 | Gained mutation: You regenerate a lot of health from kills.
                  | [demonic ancestry]
 33171 | Vaults:2 | Reached XP level 19. HP: 155/155 MP: 30/30
 33230 | Vaults:2 | Received a gift from Nemelex Xobeh
 33492 | Vaults:2 | Found a staircase to the Crypt.
 33710 | Vaults:2 | Killed a dread lich
 33763 | Vaults:2 | Found a runed translucent gate.
 33763 | Vaults:2 | Found a runed translucent gate.
 33766 | Vaults:2 | Found a runed translucent gate.
 33766 | Vaults:2 | Found an ancient bone altar of Kikubaaqudgha.
 33766 | Vaults:2 | Noticed Nett's ghost (veteran SpBr)
 33767 | Vaults:2 | Noticed Ituhak's ghost (adept GnDe)
 33794 | Vaults:2 | Killed Nett's ghost
 33809 | Vaults:2 | Killed Ituhak's ghost
 33838 | Vaults:2 | Identified the +1 pair of boots of the Sun {rC++}
 33863 | Vaults:2 | Identified the ring of Dogma {Fire *Slow rN+ Will+ Int+4}
 34053 | D:14     | Upgraded the game from 0.27-a0-637-g3a9f0a9c12 to
                  | 0.27-a0-650-g8dd3ea4f36
 34364 | Vaults:2 | Received a gift from Nemelex Xobeh
 34754 | Vaults:3 | Found Heuf's Weapon Emporium.
 34952 | Vaults:3 | Received a gift from Nemelex Xobeh
 35216 | Vaults:3 | Upgraded the game from 0.27-a0-650-g8dd3ea4f36 to
                  | 0.27-a0-828-g8289197e94
 35618 | Vaults:3 | Reached XP level 20. HP: 100/162 MP: 31/31
 35702 | Vaults:3 | Received a gift from Nemelex Xobeh
 35842 | Vaults:3 | Upgraded the game from 0.27-a0-828-g8289197e94 to
                  | 0.27-a0-906-g0a00ce863d
 36153 | Vaults:4 | Reached skill level 15 in Shields
 36886 | Vaults:4 | Noticed Saint Roka
 36926 | Vaults:4 | Killed Saint Roka
 36927 | Vaults:4 | Reached skill level 10 in Necromancy
 37389 | Vaults:4 | Received a gift from Nemelex Xobeh
 37934 | D:15     | Entered Level 15 of the Dungeon
 38083 | D:15     | Received a gift from Nemelex Xobeh
 38199 | D:15     | Found a staircase to the Depths.
 38204 | D:15     | Reached skill level 10 in Evocations
 38513 | D:15     | Received a gift from Nemelex Xobeh
 39091 | Depths:1 | Entered Level 1 of the Depths
 39107 | Depths:1 | Found Zucheodu's Antique Weapon Boutique.
 39206 | Depths:1 | Found a gateway to Hell.
 39232 | Depths:1 | Received a gift from Nemelex Xobeh
 39233 | Depths:1 | Found Bynamaff's Distillery.
 39238 | Depths:1 | Bought a potion of heal wounds for 60 gold pieces
 39286 | Depths:1 | Found Boril's Jewellery Boutique.
 39434 | Depths:1 | Found Gozag's Antique Weapon Shoppe.
 39451 | Depths:1 | Noticed a golden dragon
 39452 | Depths:1 | Found an opulent altar of Gozag.
 39457 | Depths:1 | Found Gozag's Assorted Antiques.
 39460 | Depths:1 | Found Gozag's Antique Weapon Emporium.
 39468 | Depths:1 | Reached skill level 16 in Fighting
 39468 | Depths:1 | Reached XP level 21. HP: 171/171 MP: 33/33
 39576 | Depths:1 | You fall into a shaft and drop 1 floor!
 39592 | Depths:2 | Upgraded the game from 0.27-a0-906-g0a00ce863d to
                  | 0.27-a0-972-gd1521fd518
 39640 | Depths:2 | Upgraded the game from 0.27-a0-972-gd1521fd518 to
                  | 0.27-a0-1071-ga85bd9520d
 39773 | Depths:2 | Found a gateway to a ziggurat.
 39834 | Depths:2 | Reached skill level 17 in Fighting
 39924 | Depths:2 | Received a gift from Nemelex Xobeh
 40191 | Depths:1 | Found Uludaorgh's Distillery.
 40201 | Depths:1 | Bought a potion of heal wounds for 105 gold pieces
 40201 | Depths:1 | Bought a potion of heal wounds for 105 gold pieces
 40254 | Depths:1 | Received a gift from Nemelex Xobeh
 40281 | Depths:1 | Acquired 509 gold pieces
 40282 | Depths:1 | Acquired 885 gold pieces
 40283 | Depths:1 | Acquired a manual of Evocations
 40449 | Depths:1 | Killed a golden dragon
 40677 | Depths:1 | Upgraded the game from 0.27-a0-1071-ga85bd9520d to
                  | 0.27-a0-1149-g4505690ab0
 40909 | Depths:2 | Found Taguawargh's Antique Weapon Shoppe.
 40975 | Depths:2 | Received a gift from Nemelex Xobeh
 40977 | Depths:2 | Found Jes Famn's Armour Emporium.
 41436 | Depths:2 | Reached skill level 10 in Dodging
 41449 | Depths:2 | Noticed a caustic shrike
 41456 | Depths:2 | Killed a caustic shrike
 41472 | Depths:2 | Gained mutation: Your flesh is cold resistant. (rC+)
                  | [demonic ancestry]
 41472 | Depths:2 | Reached XP level 22. HP: 175/182 MP: 34/34
 41701 | Depths:3 | Received a gift from Nemelex Xobeh
 41716 | Depths:3 | Found an ancient bone altar of Kikubaaqudgha.
 41770 | Depths:3 | Identified the amulet of Ru's Generosity {Faith rF+ Will+
                  | Dex+2}
 41774 | Depths:3 | Found a runed translucent door.
 41776 | Depths:3 | Noticed a juggernaut
 41802 | Depths:3 | Upgraded the game from 0.27-a0-1149-g4505690ab0 to
                  | 0.27-a0-1256-gced786f65e
 41814 | Depths:3 | Killed a juggernaut
 41923 | Depths:3 | Identified the +5 trident of Wu Jian's Inspiration {freeze,
                  | Dex+3}
 41943 | Depths:3 | Upgraded the game from 0.27-a0-1256-gced786f65e to
                  | 0.27-a0-1334-g2746e35aca
 42113 | Depths:3 | Reached skill level 18 in Fighting
 42150 | Depths:3 | Found a one-way gate leading to the halls of Pandemonium.
 42450 | Depths:3 | Received a gift from Nemelex Xobeh
 42541 | Depths:3 | Noticed a golden dragon
 42555 | Depths:3 | Killed a golden dragon
 42629 | Depths:3 | Identified the +9 trident of Poxkacs {protect, Will+ Dex-3
                  | SInv}
 43267 | Orc:2    | Bought a glowing double sword for 540 gold pieces
 43680 | Vaults:5 | Entered Level 5 of the Vaults
 43686 | Vaults:5 | Noticed a dread lich
 43709 | Vaults:5 | Killed a dread lich
 43764 | Vaults:5 | Gained mutation: You are powered by pain. [demonic
                  | ancestry]
 43764 | Vaults:5 | Reached XP level 23. HP: 192/192 MP: 35/35
 43808 | Vaults:5 | Reached skill level 19 in Fighting
 43978 | Vaults:5 | Reached XP level 24. HP: 202/202 MP: 36/36
 44333 | Vaults:5 | Noticed an ancient lich
 44341 | Vaults:5 | Killed an ancient lich
 44504 | Vaults:5 | Noticed Jory
 44512 | Vaults:5 | Identified the +9 demon trident of the Eternal Warrior
                  | {drain, +Inv Fly rN+ Str-2}
 44521 | Vaults:5 | Killed Jory
 44530 | Vaults:5 | Identified the +8 war axe "Zypeuli" {speed, Str+4 Int+6}
 44599 | Vaults:5 | Reached skill level 20 in Fighting
 44641 | Vaults:5 | Identified the +5 hunting sling of Blood {freeze, *Corrode
                  | rElec Dex+6 Stlth+}
 44699 | Vaults:5 | Received a gift from Nemelex Xobeh
 44785 | Vaults:5 | Identified the +8 war axe of the Piercing Pill Bug {elec,
                  | +Inv Int+3 SInv}
 44798 | Vaults:5 | Identified the +4 spear of Extermination {flame, rElec rC+
                  | Int+6}
 44872 | Vaults:5 | Got a silver rune of Zot
 44879 | Vaults:5 | Identified the +7 chain mail of Juutytox {Dex+8}
 44890 | Vaults:5 | Received a gift from Nemelex Xobeh
 45112 | Vaults:5 | Received a gift from Nemelex Xobeh
 45121 | Vaults:5 | Identified the Reference Book on Conjuration
 45740 | Elf:1    | Entered Level 1 of the Elven Halls
 45778 | Elf:1    | Identified the +1 kite shield of Compassion {Int+3 Slay+4}
 45778 | Elf:1    | Noticed Asterion
 45782 | Elf:1    | Noticed Asterion
 45782 | Elf:1    | Asterion changed into Asterion the emperor scorpion
 45784 | Elf:1    | Killed Asterion the emperor scorpion
 45892 | Elf:1    | Found Fuets's Distillery.
 46159 | Elf:1    | Identified the +7 fustibalus of the Skies Above {flame,
                  | *Slow rC+ Int+4 Stlth+}
 46228 | Elf:1    | Received a gift from Nemelex Xobeh
 46605 | Elf:2    | Received a gift from Nemelex Xobeh
 46663 | Elf:2    | Gained mutation: You are immune to freezing clouds.
                  | [demonic ancestry]
 46663 | Elf:2    | Reached XP level 25. HP: 173/212 MP: 36/36
 46729 | Elf:2    | Found a radiant altar of Vehumet.
 46753 | Elf:2    | Found Qophuic's Weapon Shop.
 46795 | Elf:2    | Learned a level 5 spell: Freezing Cloud
 47096 | Elf:2    | Received a gift from Nemelex Xobeh
 47304 | Elf:2    | Found a huge runed translucent gate.
 47304 | Elf:2    | Found a huge runed translucent gate.
 47314 | Elf:2    | Found a huge runed translucent gate.
 47328 | Elf:2    | Found a huge runed translucent gate.
 47328 | Elf:2    | Found a huge runed translucent gate.
 47542 | Elf:2    | Received a gift from Nemelex Xobeh
 47544 | Elf:2    | Upgraded the game from 0.27-a0-1334-g2746e35aca to
                  | 0.27-a0-1416-g941b2bd30b
 47703 | Elf:3    | Entered Level 3 of the Elven Halls
 47905 | Elf:3    | Received a gift from Nemelex Xobeh
 48152 | Elf:3    | Reached skill level 21 in Fighting
 48202 | Elf:3    | Identified the ring of Cuso Yrius {rF+ Int+6 Dex+3}
 48244 | Elf:3    | Identified the +10 quarterstaff of Xeisch {vorpal, rN+
                  | Stlth+}
 48253 | Elf:3    | Cast into level 3 of the Abyss (+2 battleaxe of distortion)
 48253 | Abyss:3  | Found a corrupted altar of Lugonu.
 48316 | Abyss:3  | Gained mutation: You are frail. (-10% HP) [a neqoxec]
 48458 | Abyss:3  | Received a gift from Nemelex Xobeh
 48575 | Elf:3    | Escaped the Abyss
 48632 | Elf:3    | Identified the +8 longbow of Risk Management {flame, MP+9
                  | Int+2}
 48647 | Elf:3    | Identified the +9 hunting sling of Makhleb {vorpal, Will+}
 48688 | Elf:3    | Identified the ring of Exteum {rPois rCorr Dex+3}
 48700 | Elf:3    | Identified the +3 arbalest of Domination {penet, rF++ rC-
                  | Str+6 Dex-2}
 48994 | Elf:3    | Received a gift from Nemelex Xobeh
 49067 | Elf:3    | Found Tutroopn's Assorted Antiques.
 49077 | Elf:3    | Bought a faintly glowing cloak for 323 gold pieces
 49077 | Elf:3    | Identified the +2 cloak of the Meadowlark {Contam *Corrode
                  | Str+6 Dex+3} (You bought it in a shop on level 3 of the
                  | Elven Halls)
 50130 | Depths:3 | Received a gift from Nemelex Xobeh
 50494 | Depths:3 | Identified the +6 glaive of the Extremes {vorpal, +Rage rN+
                  | Dex+7 Stlth-}
 50882 | Depths:4 | Found a one-way gate to the infinite horrors of the Abyss.
 50970 | Depths:4 | Received a gift from Nemelex Xobeh
 51130 | Depths:4 | Reached XP level 26. HP: 191/201 MP: 37/37
 51145 | Depths:4 | Got the Almanac of Translocation and the Rocks
 51956 | Depths:4 | Reached skill level 22 in Fighting
 52571 | Depths:4 | Received a gift from Nemelex Xobeh
 52709 | Depths:5 | Entered Level 5 of the Depths
 52904 | Depths:5 | Reached skill level 15 in Dodging
 53072 | Depths:5 | Found a shimmering altar of Xom.
 53133 | Depths:5 | Found a gate to the Realm of Zot.
 53178 | Depths:5 | Noticed an ancient lich
 53192 | Depths:5 | Killed an ancient lich
 53280 | Depths:5 | Received a gift from Nemelex Xobeh
 53424 | Depths:5 | Received a gift from Nemelex Xobeh
 53519 | Depths:5 | Reached skill level 24 in Fighting
 53519 | Depths:5 | Upgraded the game from 0.27-a0-1416-g941b2bd30b to
                  | 0.28-a0-631-g0446da8ef9
 53552 | Zot:1    | Entered Level 1 of the Realm of Zot
 53665 | Zot:1    | Received a gift from Nemelex Xobeh
 54216 | Zot:1    | Received a gift from Nemelex Xobeh
 54408 | Zot:1    | Received a gift from Nemelex Xobeh
 54569 | Zot:1    | Received a gift from Nemelex Xobeh
 55509 | Zot:2    | Gained mutation: A frigid envelope surrounds you and
                  | freezes all who hurt you. [demonic ancestry]
 55509 | Zot:2    | Reached XP level 27. HP: 191/216 MP: 38/38
 55509 | Zot:2    | Lost mutation: You are frail. (-10% HP) [potion of
                  | mutation]
 55509 | Zot:2    | Gained mutation: Your muscles are strong. (Str +2) [potion
                  | of mutation]
 55509 | Zot:2    | Gained mutation: You have sharp toenails. [potion of
                  | mutation]
 55509 | Zot:2    | Gained mutation: You have hidden genetic potential. [potion
                  | of mutation]
 55712 | Zot:2    | Received a gift from Nemelex Xobeh
 56347 | Zot:2    | Identified the +5 long sword "Avaiq" {distort, Fragile rC+
                  | rN+ Will+}
 56352 | Zot:2    | Got the Reference Book on Vitriolic Shape Shifting
 56366 | Zot:3    | Noticed an orb of fire
 56367 | Zot:3    | Lost mutation: Your muscles are strong. (Str +2) [an orb of
                  | fire]
 56369 | Zot:3    | Killed an orb of fire
 56370 | Zot:3    | Reached skill level 25 in Fighting
 56411 | Zot:3    | Received a gift from Nemelex Xobeh
 56870 | Zot:3    | Received a gift from Nemelex Xobeh
 56886 | Zot:3    | HP: 8/242 [spore (46)]
 57859 | Zot:4    | Received a gift from Nemelex Xobeh
 58044 | Zot:4    | Received a gift from Nemelex Xobeh
 58709 | Zot:5    | Entered Level 5 of the Realm of Zot
 58803 | Zot:5    | Received a gift from Nemelex Xobeh
 58911 | Zot:5    | Noticed a dread lich
 58922 | Zot:5    | Killed a dread lich
 58922 | Zot:5    | Noticed an ancient lich
 58923 | Zot:5    | Reached skill level 26 in Fighting
 58932 | Zot:5    | Killed an ancient lich
 58937 | Zot:5    | Noticed an ancient lich
 58939 | Zot:5    | Noticed an orb of fire
 58945 | Zot:5    | Noticed an orb of fire
 58945 | Zot:5    | Noticed a dread lich
 58953 | Zot:5    | Killed an orb of fire
 58956 | Zot:5    | Noticed an orb of fire
 58967 | Zot:5    | Killed an ancient lich
 58967 | Zot:5    | Killed a dread lich
 58971 | Zot:5    | Gained mutation: You are occasionally teleported next to
                  | monsters. [an orb of fire]
 58973 | Zot:5    | Killed an orb of fire
 58976 | Zot:5    | Killed an orb of fire
 59038 | Zot:5    | Got the Orb of Zot
 59063 | Zot:5    | Received a gift from Nemelex Xobeh
 59063 | Zot:5    | Noticed an orb of fire
 59069 | Zot:5    | Noticed an orb of fire
 59084 | Zot:5    | Noticed an ancient lich
 59126 | Zot:5    | Noticed Etaock the pandemonium lord
 59126 | Zot:5    | Gained mutation: You are clumsy. (Dex -2) [a cacodemon]
 59131 | Zot:5    | Killed an ancient lich
 59133 | Zot:4    | HP: 11/247 [Etaock the pandemonium lord/arc of chain
                  | lightning (47)]
 59135 | Zot:4    | Killed from afar by Etaock the pandemonium lord

Illustrated notes

Levels and vault maps discovered:
D:1:      dpeg_arrival_boxorama, layout_loops_ring, st_stairs_14,
          minmay_pentomino_p2
D:2:      layout_basic, uniq_jessica, uniq_sigmund, uniq_natasha
D:3:      layout_loops_corners, nicolae_overflow_crystal_walls,
          chequers_ecumenical_altar_island, tso_altar
D:4:      layout_gridville, grunt_temple_overflow_opulence,
          chequers_serial_rivers_micro_a
D:5:      layout_gridville, grunt_temple_overflow_open,
          minmay_temple_entry_poolview, gup_sewer_entry_bowl, basic_altar
D:6:      layout_basic
D:7:      layout_loops_corners, lemuel_zombie_altar_yredelemnul,
          grunt_decor_resistance
D:8:      layout_basic, lair_entry_dummy, abandoned_shop
D:9:      layout_cave_pools, lemuel_crystal_altar, lemuel_doored_altar,
          uniq_joseph
D:10:     layout_basic, david_orc_4, serial_shops,
          nicolae_shop_temple_entry_statues_fountains, nicolae_elemental_shop,
          onia_ninara_dug_in_and_dangerous
D:11:     minmay_the_grid_triangle_9x9_rhombus_thin
          [minmay_the_grid_triangle_9x9_subtriangle,
          minmay_the_grid_triangle_9x9_prize_insulated,
          minmay_the_grid_triangle_9x9_windchime,
          minmay_the_grid_triangle_9x9_checkered], layout_irregular_city,
          kb_rosetta, uniq_erica
D:12:     layout_big_octagon, minmay_evil_grid
D:13:     layout_roguey, basic_altar
D:14:     layout_basic, grunt_vaults_entry_fortified,
          portal_ice_cave_demonic_guard, grunt_decor_cap,
          kennysheep_generic_room_8
D:15:     grunt_enter_depths_snipers, layout_basic, hangedman_decor_growths,
          minmay_crystal_water, minmay_misc_feat_hallway
Lair:1:   layout_loops_ring, st_stairs_8, grunt_megastairs_4
Lair:2:   layout_roguey, minmay_swamp_entry_reptiles, uniq_maggie
Lair:3:   layout_chaotic_city, hibernation_bobbens, serial_bayou_shore_b,
          serial_bayou_shore_b
Lair:4:   layout_roguey, minmay_snake_entry_six_corridors,
          nicolae_quartered_pool_medium
Lair:5:   layout_regular_city, uniq_urug
Lair:6:   cheibrodos_lair_end_hotspot, layout_gridlike,
          nicolae_slime_entry_slimehenge, special_room
          [special_room_mythical_zoo], serial_bayou_pond_d,
          infiniplex_staircase_pool_2
Swamp:1:  layout_falls_marsh, evilmike_swamp_ruin_house_1
Swamp:2:  layout_basic_swamp, basic_altar
Swamp:3:  layout_falls_marsh, nicolae_swamp_very_dense_foliage, swamp_pool2,
          nicolae_swamp_dense_foliage
Swamp:4:  swamp, layout_basic_swamp, gammafunk_ghost_berserking_beasts,
          swamp_pool1, infiniplex_staircase_pool, uniq_nikola, uniq_aizul
Snake:1:  layout_chambers, uniq_agnes
Snake:2:  layout_basic, minmay_shop_grove
Snake:3:  layout_honeycomb, st_stairs_6
Snake:4:  grunt_snake_rune_serpentine_throne, layout_grid_shapes, serial_shops,
          shop, serial_bayou_lagoon_a, serial_bayou_lake_a
Orc:1:    layout_caves, nicolae_orc_damp_corner
Orc:2:    grunt_orc_gardens, layout_caves, grunt_orc_garden, grunt_orc_garden,
          grunt_orc_garden, grunt_orc_garden
Elf:1:    layout_gridlike, serial_shops, nicolae_shop_waterfront,
          kennysheep_underground_church, uniq_asterion
Elf:2:    layout_geoelf_grid, serial_shops, nicolae_shop_waterfront,
          basic_altar, st_stairs_7, grunt_megastairs_5
Elf:3:    minmay_elf_hall_quartered_circle, layout_geoelf_castle, serial_shops,
          nicolae_shop_overgrown_old_shop, drop_trap
Vaults:1: vaults_mumra_minichess, grunt_vaults_trifunnel, hangedman_vaults_maws,
          vaults_room_door_ring, nicolae_vaults_asterisk,
          hangedman_vaults_locks, layout_vaults_maze_bifur
Vaults:2: gammafunk_vaults_ghost_crypt, ontoclasm_vaults_chip, st_lattice,
          minmay_crypt_entry_simple_round, nicolae_vaults_little_squares_3,
          nicolae_vaults_shelves_hall, v_rooms_6, grunt_vaults_hallway_long,
          ontoclasm_vaults_chip, vaults_room_stairs_pillars,
          grunt_vaults_hallway_short, nicolae_vaults_angled_halls,
          layout_vaults_omnigrid
Vaults:3: v_misc_5, nicolae_vaults_specimen_jars, dpeg_vaults_monster_box,
          v_pattern_4, nicolae_vaults_little_squares_2, hangedman_vaults_impose,
          nicolae_vaults_ninety_degrees, vaults_room_boxed,
          hangedman_vaults_stretched_pinwheel, hangedman_vaults_nails,
          ontoclasm_vaults_loading_screen, layout_vaults_ring, serial_shops,
          shop_fountains
Vaults:4: grunt_vaults_funnel, ontoclasm_vaults_twist, v_misc_29,
          hangedman_vaults_capsules, v_misc_4, ontoclasm_vaults_spin, v_misc_5,
          vaults_room_pool, v_misc_8, vaults_room_hallway,
          vaults_room_stairs_pillars, ontoclasm_vaults_fault,
          ontoclasm_vaults_pinch, layout_vaults_omnibox, uniq_saint_roka
Vaults:5: uniq_jory
Depths:1: kennysheep_gozag_temple, layout_gridlike, pf_coc_iceberg,
          serial_shops, nicolae_shop_waterfront, shop, kennysheep_little_box,
          nicolae_shop_temple_entry_statues_fountains, kennysheep_generic_room_9
Depths:2: minmay_triangles_in_corner, layout_cave_shapes, enter_ziggurat_b,
          pf_hell_entry_tar_spiral, minmay_misc_feat_diagonals,
          infiniplex_staircase_pool_1, minmay_shoptagon,
          kennysheep_random_hallway
Depths:3: kennysheep_large_vault, layout_gridlike, grunt_hell_entry_dis_grunt,
          grunt_pan_entry_spiral, nicolae_kikubaaqudgha_miasma_corner,
          minmay_st_funbox, minmay_staircase_windowed_large
Depths:4: grunt_deathspiral_large, layout_gridlike, hell_entry,
          serial_bayou_pond_c, abyss_entry
Depths:5: grunt_twist_and_shout, layout_cave_pools, xom_teletrap_fun,
          grunt_hell_horde
Zot:1:    layout_onion
Zot:2:    layout_onion_interference, st_large_dragon_hoard_1
Zot:3:    layout_gridlike
Zot:4:    layout_basic
Zot:5:    layout_onion

Skill      XL: |  1  2  3  4  5  6  7  8  9 10 11 12 13 14 15 16 17 18 19 20 21 22 23 24 25 26 27 |
---------------+----------------------------------------------------------------------------------+-----
Long Blades    | 2 3 4 5 7 8 10 12 14 | 14.4
Armour         | 1 2 3 4 5 8 10 11 13 14 17 18 19 21 22 | 22.5
Invocations    | 6 7 8 10 11 13 14 15 17 18 19 20 23 24 | 24.6
Throwing       | 2 4 5 |  5.0
Necromancy     | 2 4 6 11 13 | 13.3
Hexes          | 2 |  2.3
Dodging        | 2 3 4 5 6 7 10 12 13 14 16 | 16.4
Fighting       | 4 7 9 11 12 13 15 16 17 18 19 20 21 24 26 | 26.6
Evocations     | 3 6 7 9 10 12 13 14 | 14.4
Shields        | 10 14 15 | 15.5
Maces & Flails | |  0.2
Stealth        | |  4.5
Air Magic      | |  0.2

Action                   |  1- 3 |  4- 6 |  7- 9 | 10-12 | 13-15 | 16-18 | 19-21 | 22-24 | 25-27 || total
-------------------------+-------+-------+-------+-------+-------+-------+-------+-------+-------++-------
Melee: Falchion          |    27 |   253 |   433 |   418 |       |       |       |       |       ||  1131
       Headbutt          |     2 |    43 |   100 |   119 |   164 |   318 |   347 |   221 |   477 ||  1791
       Long sword        |       |       |       |   120 |   842 |  1147 |  1300 |   806 |  1072 ||  5287
       Scimitar          |       |       |       |     7 |    26 |    66 |       |       |       ||    99
       Double sword      |       |       |       |       |       |       |       |       |   382 ||   382
Throw: Stone             |     2 |     1 |    31 |       |       |     2 |     2 |       |       ||    38
       Dart              |       |       |     6 |    39 |    26 |    17 |       |       |     2 ||    90
 Cast: Animate Skeleton  |       |       |       |       |    10 |    12 |       |       |       ||    22
       Animate Dead      |       |       |       |       |       |       |    12 |     7 |     6 ||    25
       Call Imp          |       |       |       |       |       |       |       |       |     1 ||     1
Invok: Draw Destruction  |       |       |     3 |    23 |    47 |    24 |    18 |     5 |    13 ||   133
       Draw Summoning    |       |       |       |     7 |     5 |     6 |    11 |     8 |    11 ||    48
       Triple Draw       |       |       |       |     1 |     1 |       |       |       |     2 ||     4
       Draw Stack        |       |       |       |     1 |       |     2 |       |     1 |       ||     4
       Stack Five        |       |       |       |     1 |       |       |       |       |       ||     1
       Draw Escape       |       |       |       |       |     2 |     4 |     2 |       |     1 ||     9
       Deal Four         |       |       |       |       |     1 |     3 |     3 |     3 |     2 ||    12
Evoke: Wand              |       |       |       |     4 |     1 |     4 |       |     1 |    15 ||    25
       Condenser vane    |       |       |       |       |       |     4 |     7 |     6 |     6 ||    23
       Tin of tremorston |       |       |       |       |       |     2 |     2 |     1 |     2 ||     7
       Box of beasts     |       |       |       |       |       |     1 |     1 |     2 |     4 ||     8
       Lightning rod     |       |       |       |       |       |       |     4 |       |       ||     4
  Use: Scroll            |     2 |     4 |    12 |     9 |    10 |     8 |     6 |     2 |    27 ||    80
       Potion            |       |       |     1 |     2 |       |     3 |     4 |     6 |    13 ||    29
 Stab: Sleeping          |     1 |    15 |     1 |       |       |       |       |       |       ||    17
       Distracted        |       |       |     1 |       |       |     1 |       |     5 |     3 ||    10
       Confused          |       |       |       |       |     1 |       |       |       |     1 ||     2
       Petrified         |       |       |       |       |     9 |       |       |       |     3 ||    12
       Petrifying        |       |       |       |       |     1 |       |       |       |       ||     1
       Invisible         |       |       |       |       |       |     7 |       |       |     2 ||     9
       Paralysed         |       |       |       |       |       |       |     1 |       |       ||     1
Armor: Ring mail         |    13 |    95 |    54 |       |       |       |       |       |       ||   162
       Chain mail        |       |       |   251 |   284 |   406 |   396 |       |       |       ||  1337
       Skin              |       |       |     3 |       |       |       |       |       |       ||     3
       Ice dragon scales |       |       |       |       |       |   204 |    65 |       |       ||   269
       Fire dragon scale |       |       |       |       |       |       |   358 |   186 |   195 ||   739
       Gold dragon scale |       |       |       |       |       |       |       |       |   383 ||   383
Dodge: Dodged            |    23 |   119 |   110 |   140 |   336 |   560 |   447 |   260 |   665 ||  2660
       Repelled          |       |       |       |       |       |     2 |     4 |    15 |    39 ||    60
Block: Other             |       |     6 |    53 |       |       |       |       |       |       ||    59
       Reflection        |       |       |     1 |       |       |       |       |       |       ||     1
       Kite shield       |       |       |       |       |       |   223 |   749 |   367 |   870 ||  2209
       Rpst.: Falchion   |     7 |    32 |    30 |    38 |       |       |       |       |       ||   107
       Long sword        |       |       |       |     9 |    86 |   106 |    80 |    48 |    57 ||   386
       Scimitar          |       |       |       |       |       |     8 |       |       |       ||     8

Table legend: (Time is in decaauts)
 A = Elapsed time spent in this place.
 B = Non-inter-level travel time spent in this place.
 C = Inter-level travel time spent in this place.
 D = Time resting spent in this place.
 E = Time spent auto-exploring this place.
 F = Levels seen in this place.
 G = Mean time per level.
                   A        B        C        D        E       F      G
               +--------+--------+--------+--------+--------+-----+--------+
         Total |  57742 |  51012 |   6730 |   4955 |  34317 |  51 | 1132.2 |
       Dungeon |  16064 |  13559 |   2505 |   1309 |   9442 |  15 | 1070.9 |
          Lair |   6290 |   5473 |    817 |    826 |   3789 |   6 | 1048.3 |
         Swamp |   4483 |   4145 |    338 |    472 |   2793 |   4 | 1120.8 |
     Snake Pit |   5494 |   5199 |    295 |    679 |   3501 |   4 | 1373.5 |
  Orcish Mines |   1708 |   1450 |    258 |    245 |    970 |   2 |  854.0 |
   Elven Halls |   3307 |   2996 |    311 |    111 |   2106 |   3 | 1102.3 |
        Vaults |   7996 |   6842 |   1154 |    503 |   4399 |   5 | 1599.2 |
        Depths |   7141 |   6354 |    787 |    269 |   4282 |   5 | 1428.2 |
           Zot |   4687 |   4425 |    262 |    518 |   2823 |   5 |  937.4 |
         Abyss |    297 |    297 |      0 |      0 |    178 |   1 |  297.0 |
      Ice Cave |    272 |    272 |      0 |     22 |     31 |   1 |  272.0 |
               +--------+--------+--------+--------+--------+-----+--------+

Top non-repeatable levels by time:
Depths:3: 2221 daAuts
Vaults:4: 1796 daAuts
Vaults:2: 1724 daAuts
Vaults:3: 1689 daAuts
    D:14: 1619 daAuts
     D:2: 1584 daAuts
 Snake:4: 1574 daAuts
Vaults:5: 1548 daAuts
Depths:4: 1547 daAuts
 Snake:3: 1545 daAuts
 Swamp:3: 1535 daAuts
 Snake:1: 1532 daAuts
     D:4: 1481 daAuts
Depths:2: 1477 daAuts
 Swamp:4: 1454 daAuts
